 Dungeon Crawl Stone Soup version 0.21-a0-348-ga060c75 (webtiles) character file.

70 Eptagon the Skirmisher (level 4, 0/41 HPs)
             Began as a Gnoll Wanderer on Oct 6, 2017.
             Slain by Crazy Yiuf
             ... wielding a +4 quarterstaff of chaos
              (5 damage)
             ... on level 2 of the Dungeon.
             The game lasted 00:02:45 (1704 turns).

Eptagon the Skirmisher (Gnoll Wanderer)             Turns: 1704, Time: 00:02:45

Health: 0/41       AC:  6    Str: 16    XL:     4   Next: 21%
Magic:  5/5        EV:  8    Int: 14    God:
Gold:   82         SH:  8    Dex: 14    Spells: 5/5 levels left

rFire    . . .     SeeInvis .   a - +0 trident
rCold    . . .     Gourm    .   g - +0 shield
rNeg     . . .     Faith    .   l - +0 scale mail
rPois    .         Spirit   .   (no helmet)
rElec    .         Reflect  .   (no cloak)
rCorr    .         Harm     .   (no gloves)
MR       .....                  (no boots)
Stlth    +.........             (no amulet)
HPRegen  0.13/turn              (no ring)
MPRegen  0.09/turn              (no ring)

@: slowed, very slow
A: distributed training, fangs 1, strong nose
a: no special abilities


You were on level 2 of the Dungeon.
You were very hungry.

You visited 1 branch of the dungeon, and saw 2 of its levels.

You collected 82 gold pieces.

Inventory:

Hand Weapons
 a - a +0 trident (weapon)
Missiles
 m - 56 bolts
Armour
 g - a +0 shield (worn)
 l - a +0 scale mail (worn)
Scrolls
 b - 2 scrolls of teleportation
 h - a scroll of amnesia {unknown}
 j - 3 scrolls of identify {unknown}
 k - a scroll of enchant armour {unknown}
Potions
 e - 2 potions of curing
 n - 2 potions of mutation {unknown}
 p - a potion of brilliance {unknown}
Comestibles
 d - a royal jelly
 f - 3 bread rations
 i - 3 fruits
 o - a meat ration


   Skills:
 + Level 6.6 Fighting
 + Level 1.0 Short Blades
 + Level 1.0 Long Blades
 + Level 1.0 Axes
 + Level 2.7 Maces & Flails
 + Level 2.7 Polearms
 + Level 1.0 Staves
 + Level 1.0 Slings
 + Level 1.0 Bows
 + Level 1.0 Crossbows
 + Level 2.7 Throwing
 + Level 2.7 Armour
 + Level 2.7 Dodging
 + Level 2.5 Stealth
 + Level 2.7 Shields
 + Level 1.0 Unarmed Combat
 + Level 1.0 Spellcasting
 + Level 1.0 Conjurations
 + Level 1.0 Hexes
 + Level 1.0 Charms
 + Level 1.0 Summonings
 + Level 1.0 Necromancy
 + Level 1.0 Translocations
 + Level 1.0 Transmutations
 + Level 1.0 Fire Magic
 + Level 1.0 Ice Magic
 + Level 1.0 Air Magic
 + Level 1.0 Earth Magic
 + Level 1.0 Poison Magic
 + Level 1.0 Invocations
 + Level 1.0 Evocations


You had 5 spell levels left.
You didn't know any spells.

Dungeon Overview and Level Annotations

Branches:
Dungeon (2/15)

Altars:

Annotations:
D:2 Crazy Yiuf


Innate Abilities, Weirdness & Mutations

Your experience applies equally to all skills.
You have very sharp teeth.
Your uncanny sense of smell can sniff out nearby items.


Message History

Crazy Yiuf hits you with a quarterstaff of chaos.
Crazy Yiuf burns you.
You closely miss Crazy Yiuf. Your bite misses Crazy Yiuf.
Crazy Yiuf is lightly wounded.
Crazy Yiuf hits you with a quarterstaff of chaos.
You hit Crazy Yiuf but do no damage. You bite Crazy Yiuf, but do no damage.
Crazy Yiuf is lightly wounded.
You block Crazy Yiuf's attack.
You see here a mace.
You see here a mace.
You feel better.
Crazy Yiuf hits you with a quarterstaff of chaos!
You feel yourself slow down.
You hit Crazy Yiuf.
Crazy Yiuf is moderately wounded.
Crazy Yiuf whimpers, "Prologue!"
Crazy Yiuf hits you with a quarterstaff of chaos!
* * * LOW HITPOINT WARNING * * *
Crazy Yiuf burns you.
You die...

........#.....#
###........#..>.
..............#
#............)..
..........#####
#########....###
..........# #....##.
...#.....## #....##.
.........###♣♣ ###
#....... #..#.###.....♣♣
♣♣#)))# #.......
............PP♣♣♣♣)')).#
#.......
............PP)♣@g♣#)))#
#..##...
......##.....)♣)♣♣♣ ###
#..###..
......##..##♣♣♣♣♣ #..#
### ......##..# ####
...######'# #########
.... #.# #.......#
.######.#.###.#'#####
.#............#.#
..........#####.#


You could see Crazy Yiuf.

Vanquished Creatures
  Terence (D:2)
  2 adders (D:2)
  A worm (D:2)
  A dart slug (D:1)
  3 goblins (D:1)
  2 hobgoblins
  A quokka (D:2)
  A bat (D:1)
  3 frilled lizards
  5 kobolds
  7 rats
27 creatures vanquished.

Notes
Turn   | Place    | Note
-------+----------+-------------------------------------------
     0 | D:1      | Eptagon the Gnoll Wanderer began the quest for the Orb.
     0 | D:1      | Eptagon set off with: a +0 shield, a scroll of teleportation, a +0 spear, a +0 robe, a bread ration
     0 | D:1      | Reached XP level 1. HP: 23/23 MP: 1/1
   347 | D:1      | Reached XP level 2. HP: 29/29 MP: 2/2
  1109 | D:2      | Reached XP level 3. HP: 24/35 MP: 3/3
  1335 | D:2      | Noticed Terence
  1360 | D:2      | Killed Terence
  1360 | D:2      | Reached skill level 1 in Short Blades
  1360 | D:2      | Reached skill level 1 in Long Blades
  1360 | D:2      | Reached skill level 1 in Axes
  1360 | D:2      | Reached skill level 1 in Staves
  1360 | D:2      | Reached skill level 1 in Slings
  1360 | D:2      | Reached skill level 1 in Bows
  1360 | D:2      | Reached skill level 1 in Crossbows
  1360 | D:2      | Reached skill level 1 in Unarmed Combat
  1360 | D:2      | Reached skill level 1 in Spellcasting
  1360 | D:2      | Reached skill level 1 in Conjurations
  1360 | D:2      | Reached skill level 1 in Hexes
  1360 | D:2      | Reached skill level 1 in Charms
  1360 | D:2      | Reached skill level 1 in Summonings
  1360 | D:2      | Reached skill level 1 in Necromancy
  1360 | D:2      | Reached skill level 1 in Translocations
  1360 | D:2      | Reached skill level 1 in Transmutations
  1360 | D:2      | Reached skill level 1 in Fire Magic
  1360 | D:2      | Reached skill level 1 in Ice Magic
  1360 | D:2      | Reached skill level 1 in Air Magic
  1360 | D:2      | Reached skill level 1 in Earth Magic
  1360 | D:2      | Reached skill level 1 in Poison Magic
  1360 | D:2      | Reached skill level 1 in Invocations
  1360 | D:2      | Reached skill level 1 in Evocations
  1360 | D:2      | Reached XP level 4. HP: 27/41 MP: 5/5
  1687 | D:2      | Found a runed door.
  1691 | D:2      | Noticed Crazy Yiuf
  1704 | D:2      | Slain by Crazy Yiuf

Vault maps used:
D:1:      lemuel_arrival_hallway
D:2:      first_bread, uniq_terence, uniq_crazy_yiuf_cottage

Skill      XL: |  1  2  3 |
---------------+----------+-----
Short Blades   | 1 |  1.0
Long Blades    | 1 |  1.0
Axes           | 1 |  1.0
Staves         | 1 |  1.0
Slings         | 1 |  1.0
Bows           | 1 |  1.0
Crossbows      | 1 |  1.0
Unarmed Combat | 1 |  1.0
Spellcasting   | 1 |  1.0
Conjurations   | 1 |  1.0
Hexes          | 1 |  1.0
Charms         | 1 |  1.0
Summonings     | 1 |  1.0
Necromancy     | 1 |  1.0
Translocations | 1 |  1.0
Transmutations | 1 |  1.0
Fire Magic     | 1 |  1.0
Ice Magic      | 1 |  1.0
Air Magic      | 1 |  1.0
Earth Magic    | 1 |  1.0
Poison Magic   | 1 |  1.0
Invocations    | 1 |  1.0
Evocations     | 1 |  1.0
Fighting       | |  6.6
Maces & Flails | |  2.7
Polearms       | |  2.7
Throwing       | |  2.7
Armour         | |  2.7
Dodging        | |  2.7
Stealth        | |  2.5
Shields        | |  2.7

Action                   |  1- 3 |  4- 6 || total
-------------------------+-------+-------++-------
Melee: Spear             |    35 |       ||    35
       Bite              |     8 |     1 ||     9
       Trident           |    50 |    11 ||    61
  Use: Potion            |     1 |     1 ||     2
 Stab: Sleeping          |     5 |       ||     5
  Eat: Chunk             |     1 |       ||     1
Armor: Scale mail        |    23 |     2 ||    25
       Robe              |     1 |       ||     1
Dodge: Dodged            |    23 |     1 ||    24
Block: Shield            |    33 |     2 ||    35

Table legend:
 A = Spawn XP
 B = Non-spawn XP
 C = Spawn XP percentage of total XP
 D = Spawn monster count
 E = Non-spawn monster count
 F = Spawn count percentage of total count
 G = Total turns spent on level
                    A         B        C        D         E        F      G
               +---------+---------+-------+---------+---------+-------+---------
         Total |       0 |     100 |   0.0 |       0 |      27 |   0.0 |  1704
               +---------+---------+-------+---------+---------+-------+---------
           D:1 |       0 |      22 |   0.0 |       0 |      14 |   0.0 |   801
           D:2 |       0 |      78 |   0.0 |       0 |      13 |   0.0 |   903
               +---------+---------+-------+---------+---------+-------+---------
